 Dungeon Crawl Stone Soup version 0.31-a0-1321-g5021b54cb2 (webtiles) character file.

Game seed: 4603033047963105777

151 Pooter the Apothecary (level 5, -1/35 HPs)
             Began as a Demonspawn Alchemist on Dec 20, 2023.
             Slain by Duvessa
             ... wielding a +0 short sword
              (3 damage)
             ... on level 3 of the Dungeon.
             The game lasted 00:29:32 (3174 turns).

Pooter the Apothecary (Demonspawn Alchemist)        Turns: 3174, Time: 00:29:33

Health: -1/35      AC:  9    Str:  8    XL:     5   Next: 10%
Magic:  5/9        EV: 12    Int: 20    God:
Gold:   1301       SH:  0    Dex: 14    Spells: 0/9 levels left

rFire   . . .        a - +6 long sword "Lezezeg" {flame, Will+ Int+3}
rCold   . . .        (no shield)
rNeg    . . .        h - +0 robe
rPois   .            (helmet restricted)
rElec   .            p - scarf {repulsion}
rCorr   +            f - +2 pair of gloves
SInv    .            t - +0 pair of boots of Giur {Will+}
Will    ++...        (no amulet)
Stlth   ++           C - ring of resist corrosion
HPRegen 0.25/turn    (no ring)
MPRegen 0.11/turn

%: repel missiles
@: no status effects
A: antennae 1, thin metallic scales 2, powered by death 1
a: no special abilities


You were on level 3 of the Dungeon.
You visited 1 branch of the dungeon, and saw 4 of its levels.

You collected 1301 gold pieces.

Inventory:

Hand Weapons
 a - the +6 long sword "Lezezeg" (weapon) {flame, Will+ Int+3}
   (You found it on level 3 of the Dungeon)

   Int+3:     It affects your intelligence (+3).
   Will+:     It increases your willpower.
 b - a +0 sling
   (You found it on level 1 of the Dungeon)
 m - a +0 whip
   (You took it off a kobold on level 1 of the Dungeon)
 o - a +0 hand axe
   (You found it on level 2 of the Dungeon)
Missiles
 q - 5 poisoned darts (quivered)
 Q - 27 stones
Armour
 f - a +2 pair of gloves (worn)
   (You found it on level 1 of the Dungeon)
 g - a +1 ring mail of fire resistance
   (You found it on level 1 of the Dungeon)
 h - a +0 robe (worn)
 j - a +2 cloak
   (You found it on level 2 of the Dungeon)
 p - a scarf of repulsion (worn)
   (You found it on level 2 of the Dungeon)
 t - the +0 pair of boots of Giur (worn) {Will+}
   (You found it on level 3 of the Dungeon)

   Will+:     It increases your willpower.
Magical Staves
 c - a staff of alchemy
   (You found it on level 3 of the Dungeon)
Jewellery
 C - a ring of resist corrosion (left hand)
   (You found it on level 1 of the Dungeon)
Wands
 l - a wand of charming (5)
   (You found it on level 2 of the Dungeon)
 w - a wand of roots (13)
   (You found it on level 3 of the Dungeon)
Scrolls
 i - 2 scrolls of identify {@r1}
 k - 2 scrolls of poison {unknown}
 u - a scroll of enchant armour {unknown}
Potions
 d - 2 potions of enlightenment {unknown}
 e - 2 potions of invisibility {unknown}
 n - 2 potions of curing {unknown}
 r - a potion of resistance {unknown}
 s - a potion of magic
 v - a potion of berserk rage {unknown}


   Skills:
 + Level 0.0 Long Blades
 + Level 0.0 Armour
 - Level 2.4 Dodging
 - Level 2.5 Stealth
 + Level 2.6 Spellcasting
 + Level 2.0 Conjurations
 * Level 0.1 Air Magic
 + Level 4.2 Alchemy


You couldn't memorise any spells.
You knew the following spells:

 Your Spells              Type           Power      Damage    Failure   Level
a - Sting                 Conj/Alch      60%        1d6       4%          1
b - Mercury Vapours       Alch/Air       22%        N/A       10%         2
c - Olgreb's Toxic Radia  Alch           19%        N/A       26%         4
d - Searing Ray           Conj           22%        2d5       10%         2

Your spell library contained the following spells:

 Spells                   Type           Power      Damage    Failure   Level
 Magic Dart               Conj           44%        1d5       6%          1
 Mephitic Cloud           Conj/Alch/Air  11%        N/A       19%         3
 Fulminant Prism          Conj/Alch      7%         3d6       38%         4
 Sticky Flame             Fire/Alch      11%        2d5       52%         4


Dungeon Overview and Level Annotations

Branches:
Dungeon (4/15) Zot: 20803
 Temple: D:4-7

Altars:
Dithmenos
Trog

Annotations:
D:3 Dowan, Duvessa


Innate Abilities, Weirdness & Mutations

You have a pair of small antennae on your head.
You are mostly covered in thin metallic scales. (AC +3)
You regenerate a little health from kills.


Message History

Duvessa hits you with a +0 short sword!
There are no items here.
Dowan closely misses you. Duvessa hits you with a +0 short sword.
You climb upwards.
There is a stone staircase leading down here.
Casting: Searing Ray (safe; 12% risk of failure)
Confirm with . or Enter, or press ? or * to list all spells.
Aiming: Mercury Vapours (safe; 12% risk of failure)
Press: ? - help, Dir - move target You feel a surge of power!
Fumes of mercury billow through the air!
Duvessa looks weaker.
Dowan hits you but does no damage. Duvessa hits you with a +0 short sword.
Dowan hits you but does no damage.
You feel clever.
The +6 long sword "Lezezeg" {flame, Will+ Int+3} bursts into flame!
a - the +6 long sword "Lezezeg" (weapon)
{flame, Will+ Int+3} Duvessa looks more healthy.
Dowan closely misses you. Duvessa hits you with a +0 short sword.
* * * LOW HITPOINT WARNING * * *
You closely miss Duvessa. Dowan gestures at you while chanting.
The puff of frost is repelled.
Duvessa hits you with a +0 short sword.
* * * LOW HITPOINT WARNING * * *
You closely miss Duvessa. Dowan closely misses you.
Duvessa hits you with a +0 short sword.
* * * LOW HITPOINT WARNING * * *
Dowan closely misses you.
Dowan points at you and mumbles some strange words.
You resist with almost no effort.
Your magical contamination has completely faded away.
Unknown command.
You hit Duvessa. You burn Duvessa. Duvessa hits you but does no damage.
Dowan hits you with a +1 dagger of speed.
* * * LOW HITPOINT WARNING * * *
Duvessa barely misses you.
Unknown command.
You closely miss Duvessa. Dowan hits you but does no damage.
Duvessa hits you but does no damage. Dowan gestures at you while chanting.
The puff of flame hits you.
* * * LOW HITPOINT WARNING * * *
You barely miss Duvessa. Dowan casts a spell at you.
The puff of flame is repelled.
Duvessa closely misses you.
Dowan smirks and points a slender finger.
Dowan barely misses you. Duvessa barely misses you.
Unknown command.
You hit Duvessa but do no damage. Dowan closely misses you.
Duvessa hits you with a +0 short sword.
You die...

#..#.#.........#.........
#..#.#..#........#######.
#..#.#..#....#.#.#######.
#.......#............#...
#....#..#......#.........
#....##.#.#....###.#.#...
#................#.......
#.<.###e#.#..............
##.#.###.@........###.####
#.......e###....#.# #.#
##.####### #....#.# #.####
#.# #......# #.##.#
#.##### #.##.#.###.##.#
#.....# #.##.#...#.##.#
#####.# #....#.........
#.# ######.###..... #.#
#...)<....#


You could see Duvessa (weak) and Dowan.

Vanquished Creatures
  A gnoll bouda (D:3)
  Jessica (D:2)
  3 gnolls (D:3)
  An adder (D:2)
  2 dart slugs (D:1)
  3 bats
  8 endoplasms
  3 giant cockroaches (D:3)
  6 goblins
  4 hobgoblins
  3 jackals (D:2)
  2 quokkas
  2 ball pythons (D:1)
  4 frilled lizards
  6 kobolds
  7 rats
56 creatures vanquished.

Vanquished Creatures (others)
  A goblin (D:1)
1 creature vanquished.

Grand Total: 57 creatures vanquished

Notes
Turn   | Place    | Note
-------+----------+-------------------------------------------
     0 | D:1      | Pooter the Demonspawn Alchemist began the quest for the
                  | Orb.
     0 | D:1      | Reached XP level 1. HP: 13/13 MP: 3/3
   203 | D:1      | Found a faded altar of an unknown god.
   294 | D:1      | Gained mutation: You are partially covered in thin metallic
                  | scales. (AC +2) [demonic ancestry]
   294 | D:1      | Reached XP level 2. HP: 19/19 MP: 1/5
   361 | D:1      | Learned a level 2 spell: Mercury Vapours
  1251 | D:2      | Gained mutation: You regenerate a little health from kills.
                  | [demonic ancestry]
  1251 | D:2      | Reached XP level 3. HP: 24/24 MP: 4/6
  1497 | D:2      | Noticed Jessica
  1501 | D:2      | Killed Jessica
  1551 | D:2      | Gained mutation: You have a pair of small antennae on your
                  | head. [demonic ancestry]
  1551 | D:2      | Reached XP level 4. HP: 24/30 MP: 4/7
  1837 | D:3      | Learned a level 4 spell: Olgreb's Toxic Radiance
  1872 | D:3      | Identified a scroll of acquirement
  1873 | D:3      | Acquired 1193 gold pieces
  1989 | D:3      | Found a shadowy altar of Dithmenos.
  2022 | D:3      | Identified the +0 pair of boots of Giur {Will+}
  2080 | D:3      | Reached skill level 4 in Alchemy
  2085 | D:3      | Gained mutation: You are mostly covered in thin metallic
                  | scales. (AC +3) [demonic ancestry]
  2085 | D:3      | Reached XP level 5. HP: 22/35 MP: 0/8
  2606 | D:3      | Noticed a moth of wrath
  2625 | D:3      | Found a bloodstained altar of Trog.
  2638 | D:3      | Identified the +7 spear "Apanu" {flame, ^Drain rC+++ Str-2
                  | Dex+4}
  2639 | D:3      | Identified the +7 short sword of Extinguishment {freeze,
                  | rN+ Str+2}
  2641 | D:3      | Identified the +6 long sword "Lezezeg" {flame, Will+ Int+3}
  3028 | D:3      | Learned a level 2 spell: Searing Ray
  3115 | D:4      | Noticed Duvessa
  3115 | D:4      | Noticed Dowan
  3172 | D:3      | HP: 1/35 [Dowan/puff of flame (6)]
  3174 | D:3      | Slain by Duvessa

Illustrated notes

Levels and vault maps discovered:
D:1:      mainiacjoe_arrival_reflecting_pool, layout_loops_ring,
          shapermc_ecumenical_altar_petra, lemuel_flame_loot_1
D:2:      layout_rooms, st_stairs_6, uniq_jessica
D:3:      layout_basic, marbit_many_paths, tgw_trog,
          nicolae_dithmenos_through_a_glass_darkly
D:4:      layout_loops_cross, minmay_temple_entry_purple_smoke, uniq_ijyb,
          uniq_duvessa, uniq_eustachio

Skill      XL: |  1  2  3  4 |
---------------+-------------+-----
Dodging        | 2 |  2.4
Stealth        | 2 |  2.5
Alchemy        | 4 |  4.2
Conjurations   | 2 |  2.0
Spellcasting   | |  2.6
Air Magic      | |  0.1

Action                     |  1- 3 |  4- 6 || total
---------------------------+-------+-------++-------
  Melee: Unarmed           |     1 |       ||     1
         Whip              |    12 |       ||    12
         Hand axe          |    10 |       ||    10
         Long sword        |       |    18 ||    18
         Staff             |       |     2 ||     2
   Fire: Sling             |    21 |    36 ||    57
   Cast: Sting             |    35 |    16 ||    51
         Mercury Vapours   |     2 |     2 ||     4
         Olgreb's Toxic Ra |       |     3 ||     3
    Use: Potion            |     1 |       ||     1
         Scroll            |       |     2 ||     2
 Armour: Robe              |    20 |    30 ||    50
  Dodge: Dodged            |    28 |    24 ||    52
         Repelled          |       |     2 ||     2

Table legend: (Time is in decaauts)
 A = Elapsed time spent in this place.
 B = Non-inter-level travel time spent in this place.
 C = Inter-level travel time spent in this place.
 D = Time resting spent in this place.
 E = Time spent auto-exploring this place.
 F = Levels seen in this place.
 G = Mean time per level.
                   A        B        C        D        E       F      G
               +--------+--------+--------+--------+--------+-----+--------+
         Total |   3195 |   3099 |     96 |    767 |   1652 |   4 |  798.8 |
       Dungeon |   3195 |   3099 |     96 |    767 |   1652 |   4 |  798.8 |
               +--------+--------+--------+--------+--------+-----+--------+

Top non-repeatable levels by time:
     D:3: 1373 daAuts
     D:1: 1144 daAuts
     D:2: 669 daAuts
     D:4: 8 daAuts
